 Dungeon Crawl Stone Soup version 0.31-a0-1237-gabc64e778c (webtiles) character file.

Game seed: 9373605493284605333

409 melkoren the Changeling (level 6, -3/56 HPs)
             Began as a Naga Shapeshifter on Dec 15, 2023.
             Slain by Pikel
             ... wielding a +2 whip of electrocution
              (8 damage)
             ... on level 4 of the Dungeon.
             The game lasted 00:10:15 (4291 turns).

melkoren the Changeling (Naga Shapeshifter)         Turns: 4291, Time: 00:10:15

Health: -3/56      AC:  4    Str: 16    XL:     6   Next: 89%
Magic:  6/6        EV: 10    Int: 10    God:
Gold:   121        SH:  5    Dex: 13    Spells: 5/5 levels left

rFire   . . .        e - +2 sling (freeze)
rCold   . . .        (no shield)
rNeg    + . .        i - +1 robe
rPois   +            (helmet currently unavailable)
rElec   .            (cloak currently unavailable)
rCorr   .            (gloves currently unavailable)
SInv    +            (no barding)
Will    .....        p - amulet of reflection
Stlth   +            N - ring of positive energy
HPRegen 0.29/turn    (no ring)
MPRegen 0.10/turn

%: reflection
@: beast-form, very slow
A: beast (slay +2), AC +2, large, see invisible, deformed body, poison
resistance, slowness 2, spit poison 1, naga tail 1
a: Spit Poison, Begin Untransformation


You were on level 4 of the Dungeon.
You were a hulking beast.
You visited 1 branch of the dungeon, and saw 4 of its levels.

You collected 121 gold pieces.


Innate Abilities, Weirdness & Mutations

You are a hulking beast.
Your limbs bulge with bestial killing power. (Slay +2)
Your serpentine skin is tough. (AC +2)
You have supernaturally acute eyesight. (SInv)
Armour fits poorly on your strangely shaped body.
Your system is resistant to poisons. (rPois)
You cover ground very slowly.
You can spit poison.
You have a snake-like lower body.


   Skills:
 + Level 3.0 Fighting
 * Level 3.4 Ranged Weapons
 + Level 2.9 Dodging
 - Level 3.3 Unarmed Combat
 + Level 4.1 Shapeshifting


You had 5 spell levels left.
You didn't know any spells.
Your spell library was empty.

Inventory:

Hand Weapons
 e - a +2 sling of freezing (weapon)
   (You found it on level 1 of the Dungeon)
 D - a +2 battleaxe of draining
   (You took it off Blork the orc on level 4 of the Dungeon)
Missiles
 f - 15 poisoned darts
 g - 46 stones
 n - 4 silver javelins
Armour
 a - a +0 animal skin
 i - a +1 robe (worn)
   (You found it on level 1 of the Dungeon)
 l - a +0 robe
   (You found it on level 3 of the Dungeon)
 m - a +0 leather armour
   (You took it off a hobgoblin on level 2 of the Dungeon)
 r - a +0 ring mail
   (You found it on level 2 of the Dungeon)
 s - a +0 robe
   (You found it on level 3 of the Dungeon)
 u - a +0 leather armour
   (You found it on level 4 of the Dungeon)
 x - a +0 ring mail
   (You took it off an orc on level 4 of the Dungeon)
 y - a +0 leather armour
   (You took it off an orc on level 4 of the Dungeon)
 z - a +0 leather armour
   (You took it off an orc priest on level 4 of the Dungeon)
 A - a +0 ring mail
   (You took it off an orc on level 4 of the Dungeon)
 C - a +0 robe
   (You took it off Blork the orc on level 4 of the Dungeon)
 E - a +0 scale mail
   (You found it on level 4 of the Dungeon)
Jewellery
 p - an amulet of reflection (around neck)
   (You found it on level 2 of the Dungeon)
 v - a ring of see invisible
   (You found it on level 3 of the Dungeon)
 G - an amulet of guardian spirit
   (You found it on level 3 of the Dungeon)
 N - a ring of positive energy (left hand)
   (You found it on level 1 of the Dungeon)
Talismans
 c - a beast talisman
 d - a flux talisman
Wands
 k - a wand of light (5)
   (You found it on level 3 of the Dungeon)
Scrolls
 t - a scroll of amnesia {unknown}
 w - 2 scrolls of identify {unknown}
Potions
 b - a potion of lignification {!q}
 h - a potion of haste {unknown}
 j - a potion of degeneration {!q}
 o - a potion of resistance
 B - a potion of curing {@q1}

Dungeon Overview and Level Annotations

Branches:
Dungeon (4/15) Zot: 18525
 Temple: D:4-7

Altars:
Elyvilon
Ru
Yredelemnul
The Shining One

Shops:
D:4 *

Annotations:
D:4 Pikel

,,,,,,,**,,,**,,,*,#....#*,,,,,**
,,,,,,**,.#..#...###....*,,,,,,,,
,,,,,**,,.##.##...##...w,,,,*,*,*
,,,,**,,*..#..#...###...,**,,,,,,
*,,**,,,*#.##.##...##...,**,*,*,*
+,**,,*,,#..#..+555###..,**,,,,,,
#################5####..,*,,*,*,*
.............#..#K####..,,,,,,,,,
............##..h.####..,,,,,**,,
...........###..######..,,,,,*,,,
...........##...########*,,,,*,,,
................########,,,,**,,,
..........###...###.###.,,****,,,
..........#####.....##..*** *,,,
....†....#######..###..#**** *,,,
.........#######†.####..*,,****,*
....###.## ####...# **,,,,,*****


You could see Pikel, 4 lemures and a dart slug (asleep).


Message History

Press: ? - help, Q - select action, (/) - cycle Shift-Dir - straight line, f/p - scorpion
Aim: a scorpion (severely wounded, 63% to hit)
You shoot a sling bullet. The sling bullet hits the scorpion.
The sling bullet freezes the scorpion.
The scorpion stings you.
The scorpion closely misses you. 😕 HP[-3]
You take 3 damage, and now have 46/55 hp.
Fire: e) +2 sling (freeze)
Press: ? - help, Q - select action, (/) - cycle Shift-Dir - straight line, f/p - scorpion
Aim: a scorpion (severely wounded, 63% to hit)
You shoot a sling bullet. The sling bullet hits the scorpion!
The sling bullet freezes the scorpion.
You kill the scorpion!
Your Fighting skill increases to level 3! 😕 HP[+1]
You now have 56 max hp (+1).
Fire: e) +2 sling (freeze)
Press: ? - help, Q - select action, (/) - cycle Shift-Dir - straight line, f - you That would be overly suicidal.
Okay, then.
Fire: e) +2 sling (freeze)
Press: ? - help, Q - select action, (/) - cycle Shift-Dir - straight line, f - you That would be overly suicidal.
Okay, then.
You see here a scorpion corpse.
Key pressed, stopping explore.
Pikel and a lemure come into view.
Pikel is wielding a +2 whip of electrocution.
Pikel shouts!
You hear a shout! x2 😎 HP[+9]
Your hp is fully restored (56).
Fire: e) +2 sling (freeze)
Press: ? - help, Q - select action, (/) - cycle Shift-Dir - straight line, f - Pikel
Aim: Pikel, wielding a +2 whip of electrocution and wearing a +0 robe (55% to hit)
You shoot a sling bullet. The sling bullet closely misses Pikel.
A lemure comes into view.
Fire: e) +2 sling (freeze)
Press: ? - help, Q - select action, (/) - cycle Shift-Dir - straight line, f/p - Pikel
Aim: Pikel, wielding a +2 whip of electrocution and wearing a +0 robe (55% to hit)
You shoot a sling bullet. The sling bullet closely misses Pikel.
A lemure comes into view.
The lemure moves out of view.
Fire: e) +2 sling (freeze)
Press: ? - help, Q - select action, (/) - cycle Shift-Dir - straight line, f/p - Pikel
Aim: Pikel, wielding a +2 whip of electrocution and wearing a +0 robe (55% to hit)
You shoot a sling bullet. The sling bullet hits Pikel.
The sling bullet freezes Pikel.
Fire: e) +2 sling (freeze)
Press: ? - help, Q - select action, (/) - cycle Shift-Dir - straight line, f/p - Pikel
Aim: Pikel, wielding a +2 whip of electrocution and wearing a +0 robe (lightly wounded, 55% to hit)
You shoot a sling bullet. The sling bullet hits Pikel!
The sling bullet freezes Pikel.
A lemure comes into view.
Fire: e) +2 sling (freeze)
Press: ? - help, Q - select action, (/) - cycle Shift-Dir - straight line, f/p - Pikel
Aim: Pikel, wielding a +2 whip of electrocution and wearing a +0 robe (moderately wounded, 55% to hit)
You shoot a sling bullet. The sling bullet hits Pikel.
The sling bullet freezes Pikel.
Pikel hits you with a +2 whip of electrocution. 😕 HP[-3]
You take 3 damage, and now have 53/56 hp.
Fire: e) +2 sling (freeze)
Press: ? - help, Q - select action, (/) - cycle Shift-Dir - straight line, f/p - Pikel
Aim: Pikel, wielding a +2 whip of electrocution and wearing a +0 robe (heavily wounded, 55% to hit)
You shoot a sling bullet.
The sling bullet completely misses Pikel.
Pikel hits you with a +2 whip of electrocution.
You are electrocuted!
Pikel closely misses you. 😮 HP[-23]
You take 23 damage, and now have 30/56 hp.
MASSIVE DAMAGE!! (PAUSE)
You shoot a sling bullet. The sling bullet misses Pikel.
Pikel closely misses you.
You shoot a sling bullet. The sling bullet closely misses Pikel.
You block Pikel's attack. 😮 HP[+1]
You shoot a sling bullet. The sling bullet closely misses Pikel.
Pikel barely misses you.
You shoot a sling bullet. The sling bullet closely misses Pikel.
Pikel hits you with a +2 whip of electrocution!
* * * LOW HITPOINT WARNING * * *
You are electrocuted!
* * * LOW HITPOINT WARNING * * *
You shoot a sling bullet.
The sling bullet hits Pikel but does no damage.
You block Pikel's attack. Pikel barely misses you. 😱 HP[-20]
You take 20 damage, and now have 11/56 hp.
MASSIVE DAMAGE!! (PAUSE)
Okay, then.
Unknown command.
As you read the scroll labelled MESHRU KATUI, it crumbles to dust.
You feel aware of your surroundings.
You sensed 3 altars, and 1 shop/portal.
It was a scroll of revelation.
Pikel hits you with a +2 whip of electrocution.
* * * LOW HITPOINT WARNING * * *
You are electrocuted!
You die...
Pikel says, "Another soul for the market."

Skill      XL: |  1  2  3  4  5  6 |
---------------+-------------------+-----
Dodging        | 2 |  2.9
Ranged Weapons | 1 2 3 |  3.4
Fighting       | 2 3 |  3.0
Shapeshifting  | 4 |  4.1
Unarmed Combat | |  3.3

Action                     |  1- 3 |  4- 6 || total
---------------------------+-------+-------++-------
   Fire: Sling             |    83 |   136 ||   219
    Use: Potion            |     3 |     3 ||     6
         Scroll            |       |     4 ||     4
 Armour: Animal skin       |    35 |    21 ||    56
         Robe              |       |    32 ||    32
  Dodge: Dodged            |    17 |    38 ||    55
  Block: Other             |       |    14 ||    14
         Reflection        |       |     1 ||     1

Levels and vault maps discovered:
D:1:      minmay_arrival_doors, layout_loops_cross,
          dreamdust_ecumenical_altar_hidden_monk_grotto,
          minmay_shallow_snake_nest
D:2:      layout_basic
D:3:      layout_rooms, hangedman_ru_absence, elyvilon_altar_3, tso_altar,
          grunt_decor_clamped
D:4:      minmay_razor_zed, layout_layer_cave,
          mainiacjoe_overflow_surrounded_room, makhleb_blood_cavern_becter,
          mainiacjoe_overflow_big_doors, serial_shops, nicolae_lakefront_shop,
          serial_glass, glass_columns_a, glass_columns_b, uniq_blork_the_orc,
          uniq_pikel

Notes
Turn   | Place    | Note
-------+----------+-------------------------------------------
     0 | D:1      | melkoren the Naga Shapeshifter began the quest for the Orb.
     0 | D:1      | Reached XP level 1. HP: 18/18 MP: 1/1
     0 | D:1      | magus.rc [v1.11.3]
   205 | D:1      | Reached XP level 2. HP: 23/25 MP: 2/2
   423 | D:1      | Found a faded altar of an unknown god.
   617 | D:1      | Reached XP level 3. HP: 31/31 MP: 3/3
  1087 | D:2      | Reached skill level 2 in Dodging
  1321 | D:2      | Reached skill level 1 in Ranged Weapons
  1567 | D:2      | Reached XP level 4. HP: 39/39 MP: 4/4
  2604 | D:3      | Reached skill level 2 in Fighting
  2903 | D:3      | Found a white marble altar of Elyvilon.
  2962 | D:3      | Found a glowing golden altar of the Shining One.
  2993 | D:3      | Found a sacrificial altar of Ru.
  3222 | D:4      | Reached skill level 2 in Ranged Weapons
  3222 | D:4      | Reached XP level 5. HP: 24/45 MP: 5/5
  3382 | D:4      | Found a basalt altar of Yredelemnul.
  3663 | D:4      | Noticed a black bear
  3669 | D:4      | Killed a black bear
  3670 | D:4      | Reached XP level 6. HP: 16/55 MP: 6/6
  3932 | D:4      | Found Jin Toud's General Store.
  3967 | D:4      | Noticed Blork the orc
  3976 | D:4      | Killed Blork the orc
  3977 | D:4      | Reached skill level 3 in Ranged Weapons
  3977 | D:4      | Reached skill level 4 in Shapeshifting
  4231 | D:4      | Reached skill level 3 in Fighting
  4279 | D:4      | Noticed Pikel
  4289 | D:4      | HP: 10/56 [Pikel/+2 whip of electrocution (13)]
  4291 | D:4      | Slain by Pikel

Vanquished Creatures
  A black bear (D:4)
  Blork the orc (D:4)
  A scorpion (D:4)
  An orc priest (D:4)
  An iguana (D:4)
  5 adders
  4 worms
  5 dart slugs
  3 orcs (D:4)
  2 endoplasms (D:1)
  2 goblins
  8 hobgoblins
  4 jackals
  6 quokkas
  8 ball pythons
  3 bats
  3 frilled lizards
  5 kobolds
  8 rats
71 creatures vanquished.

Table legend:
 A = Non-vault XP
 B = Vault XP
 C = Vault XP percentage of total XP
 D = Non-vault monster count
 E = Vault monster count
 F = Vault count percentage of total count
                 A         B        C        D         E       F
            +---------+---------+-------+---------+---------+-------
      Total |     483 |     102 |  17.4 |      68 |       3 |   4.2
            +---------+---------+-------+---------+---------+-------
        D:1 |      41 |       3 |   6.8 |      23 |       2 |   8.0
        D:2 |      83 |       0 |   0.0 |      21 |       0 |   0.0
        D:3 |      23 |       0 |   0.0 |      10 |       0 |   0.0
        D:4 |     336 |      99 |  22.8 |      14 |       1 |   6.7
            +---------+---------+-------+---------+---------+-------

Skill      XL: |  1  2  3  4  5  6 |
---------------+-------------------+-----
Dodging        | 2 |  2.9
Ranged Weapons | 1 2 3 |  3.4
Fighting       | 2 3 |  3.0
Shapeshifting  | 4 |  4.1
Unarmed Combat | |  3.3

Action                     |  1- 3 |  4- 6 || total
---------------------------+-------+-------++-------
   Fire: Sling             |    83 |   136 ||   219
    Use: Potion            |     3 |     3 ||     6
         Scroll            |       |     4 ||     4
 Armour: Animal skin       |    35 |    21 ||    56
         Robe              |       |    32 ||    32
  Dodge: Dodged            |    17 |    38 ||    55
  Block: Other             |       |    14 ||    14
         Reflection        |       |     1 ||     1

Illustrated notes

Table legend:
 A = Kills in this place as a percentage of kills in the entire game.
 B = Kills by you in this place as a percentage of kills by you in the entire game.
 C = Kills by friends in this place as a percentage of kills by friends in the entire game.
 D = Other kills in this place as a percentage of other kills in the entire game.
 E = Experience gained in this place as a percentage of experience gained in the entire game.
 F = Experience gained in this place divided by the number of levels of this place that you have seen.
                   A       B       C       D       E      F
               +-------+-------+-------+-------+-------+----------------------
         Total | 100.0 | 100.0 |   N/A |   N/A | 100.0 | 146.2
       Dungeon | 100.0 | 100.0 |   N/A |   N/A | 100.0 | 146.2
               +-------+-------+-------+-------+-------+----------------------

Table legend: (Time is in decaauts)
 A = Elapsed time spent in this place.
 B = Non-inter-level travel time spent in this place.
 C = Inter-level travel time spent in this place.
 D = Time resting spent in this place.
 E = Time spent auto-exploring this place.
 F = Levels seen in this place.
 G = Mean time per level.
                   A        B        C        D        E       F      G
               +--------+--------+--------+--------+--------+-----+--------+
         Total |   5473 |   5355 |    118 |   1083 |   3784 |   4 | 1368.2 |
       Dungeon |   5473 |   5355 |    118 |   1083 |   3784 |   4 | 1368.2 |
               +--------+--------+--------+--------+--------+-----+--------+

Top non-repeatable levels by time:
     D:2: 1907 daAuts
     D:4: 1456 daAuts
     D:1: 1356 daAuts
     D:3: 752 daAuts
